 Dungeon Crawl Stone Soup version 0.28.0-43-g3370ac3207 (webtiles) character file.

Game seed: 955097441786162828

927 Orthodox the Spear-Bearer (level 8, -12/67 HPs)
             Began as a Merfolk Gladiator on Mar 19, 2022.
             Was an Initiate of Okawaru.
             Killed from afar by Ijyb (30 damage)
             ... with a bolt of acid
             ... on level 5 of the Dungeon on Mar 20, 2022.
             The game lasted 00:15:02 (6252 turns).

Orthodox the Spear-Bearer (Merfolk Gladiator)       Turns: 6252, Time: 00:15:03

Health: -12/67     AC:  5    Str: 16    XL:     8   Next: 10%
Magic:  8/8        EV: 12    Int:  7    God:    Okawaru [......]
Gold:   238        SH:  0    Dex: 16    Spells: 7/7 levels left

rFire   . . .      SeeInvis .   a - +0 trident
rCold   . . .      Faith    .   (no shield)
rNeg    . . .      Spirit   .   h - +0 ring mail
rPois   +          Reflect  .   r - +2 helmet
rElec   .          Harm     .   (no cloak)
rCorr   .          Rampage  .   i - +0 pair of gloves
Will    .....                   (no boots)
Stlth   +.........              (no amulet)
HPRegen 0.21/turn               k - ring of poison resistance
MPRegen 0.11/turn               l - +4 ring of protection

@: corroded
A: (nimble swimmer 2), mertail
a: Renounce Religion


You were on level 5 of the Dungeon.
You worshipped Okawaru.
Okawaru was noncommittal.
You visited 2 branches of the dungeon, and saw 6 of its levels.

You collected 238 gold pieces.

Inventory:

Hand Weapons
 a - a +0 trident (weapon)
 s - a +0 halberd
Missiles
 d - 3 throwing nets (quivered) {!f}
 t - 4 javelins
Armour
 b - a +0 leather armour
 c - a +0 helmet
 h - a +0 ring mail (worn)
 i - a +0 pair of gloves (worn)
 r - a +2 helmet (worn)
Jewellery
 k - a ring of poison resistance (left hand)
 l - a +4 ring of protection (right hand)
Wands
 q - a wand of flame (11)
Scrolls
 e - a scroll of noise {unknown}
 g - 3 scrolls of identify {unknown}
 j - 2 scrolls of fog {unknown}
 n - 2 scrolls of teleportation {unknown}
Potions
 f - a potion of haste {unknown}
 m - 2 potions of mutation {unknown}
 o - a potion of might {unknown}
 p - 3 potions of lignification {unknown}


   Skills:
 * Level 7.5 Fighting
 + Level 9.3 Polearms
 - Level 2.4 Throwing
 - Level 4.4 Dodging


You had 7 spell levels left.
You didn't know any spells.
Your spell library contained the following spells:

 Spells                   Type           Power      Damage    Failure   Level
 Magic Dart               Conj           0%         1d3       65%         1
 Scorch                   Fire           0%         2d5       80%         2
 Searing Ray              Conj           0%         2d4       80%         2
 Conjure Flame            Conj/Fire      0%         6-21      95%         3
 Gell's Gravitas          Tloc           0%         N/A       95%         3
 Ignite Poison            Fire/Tmut/Pois 0%         N/A       95%         3
 Portal Projectile        Hex/Tloc       0%         N/A       95%         3
 Teleport Other           Tloc           0%         N/A       95%         3
 Flame Wave               Conj/Fire      0%         2d4       100%        4
 Fulminant Prism          Conj/Hex       0%         3d6       100%        4
 Leda's Liquefaction      Hex/Erth       0%         N/A       100%        4
 Sticky Flame             Conj/Fire      0%         2d3       100%        4
 Dispersal                Tloc           0%         N/A       100%        6
 Call Canine Familiar     Summ           Unusable   N/A       N/A         3
 Summon Cactus Giant      Summ           Unusable   N/A       N/A         6

Dungeon Overview and Level Annotations

Branches:
Dungeon (5/15)             Temple (1/1) D:4

Altars:
Ashenzari
Cheibriados
Dithmenos
Elyvilon
Fedhas
Gozag
Hepliaklqana
Makhleb
Nemelex Xobeh
Okawaru
Qazlal
Ru
Sif Muna
Trog
Uskayaw
Vehumet
Wu Jian
Xom
Yredelemnul
Zin
The Shining One

Annotations:
D:5 Ijyb


Innate Abilities, Weirdness & Mutations

((You are very nimble when in or above water. (Stealth+, EV+, Speed+++)))
Your lower body shifts to a powerful aquatic tail in water.


Message History

Ijyb is severely wounded.
Unknown command.
Unknown command.
Reach: a) +0 trident
Press: ? - help, Dir - move target, f/p - Ijyb
Aim: Ijyb, wielding a +0 dagger, wearing a +0 ring mail of willpower and carrying a wand of acid (11) (severely wounded, about 37% to evade your +0 trident)
You hit Ijyb but do no damage.
Ijyb is severely wounded.
Ijyb zaps a wand.
The bolt of acid hits you!!
* * * LOW HITPOINT WARNING * * *
You take 18 damage, and have 20/67 hp.
MASSIVE DAMAGE!!
Unknown command.
Unknown command.
Reach: a) +0 trident
Press: ? - help, Dir - move target, f/p - Ijyb
Aim: Ijyb, wielding a +0 dagger, wearing a +0 ring mail of willpower and carrying a wand of acid (10) (severely wounded, about 37% to evade your +0 trident)
You closely miss Ijyb.
Ijyb is severely wounded.
Ijyb hits you with a +0 dagger.
* * * LOW HITPOINT WARNING * * *
You take 1 damage, and have 19/67 hp.
Unknown command.
Unknown command.
Reach: a) +0 trident
Press: ? - help, Dir - move target, f/p - Ijyb
Aim: Ijyb, wielding a +0 dagger, wearing a +0 ring mail of willpower and carrying a wand of acid (10) (severely wounded, about 37% to evade your +0 trident)
You closely miss Ijyb.
Ijyb is severely wounded.
Ijyb hits you with a +0 dagger.
* * * LOW HITPOINT WARNING * * *
You take 1 damage, and have 18/67 hp.
Unknown command.
Unknown command.
Reach: a) +0 trident
Press: ? - help, Dir - move target, f/p - Ijyb
Aim: Ijyb, wielding a +0 dagger, wearing a +0 ring mail of willpower and carrying a wand of acid (10) (severely wounded, about 37% to evade your +0 trident)
You closely miss Ijyb.
Ijyb is severely wounded.
Ijyb zaps a wand.
The bolt of acid hits you!!
You die...

### ..# ## .. # ...#
.##..# #...###..#..###
#g........... . #g...#..#
..
###########@#..#..##...
.....................
#####..##..##.....)#
##........#..#..## .
........##..#.###..# ..
.....#####.[....##.####.#
..).. #..............#
..... #.##........####
...... #.####.........##


You could see Ijyb.

Vanquished Creatures
  Sigmund (D:3)
  3 ogres
  A gnoll sergeant (D:4)
  A scorpion (D:4)
  A water moccasin skeleton (D:4)
  A jelly (D:5)
  A gnoll shaman (D:4)
  A bullfrog skeleton (D:5)
  A killer bee zombie (D:3)
  A hound skeleton (D:4)
  Robin (D:4)
  7 gnolls
  4 adders
  2 adder skeletons (D:4)
  A worm (D:5)
  5 orcs
  6 ball pythons
  5 bats
  6 endoplasms
  5 giant cockroaches
  13 goblins
  13 hobgoblins
  7 jackals
  5 quokkas
  3 frilled lizards (D:1)
  9 kobolds
  4 rats
108 creatures vanquished.

Vanquished Creatures (others)
  4 plants (D:1)
4 creatures vanquished.

Grand Total: 112 creatures vanquished

Notes
Turn   | Place    | Note
-------+----------+-------------------------------------------
     0 | D:1      | Orthodox the Merfolk Gladiator began the quest for the Orb.
     0 | D:1      | Reached XP level 1. HP: 16/16 MP: 1/1
    88 | D:1      | Reached XP level 2. HP: 2/23 MP: 2/2
   670 | D:1      | Reached XP level 3. HP: 17/28 MP: 3/3
  1081 | D:1      | Found a faded altar of an unknown god.
  1452 | D:2      | Reached skill level 5 in Polearms
  1823 | D:2      | Reached XP level 4. HP: 26/35 MP: 4/4
  2653 | D:3      | Reached skill level 6 in Polearms
  2662 | D:3      | Identified the +7 mace of Symmetry {vorpal, Str+4 Int+5}
  2802 | D:3      | Noticed Sigmund
  2815 | D:3      | Killed Sigmund
  2816 | D:3      | Reached skill level 7 in Polearms
  2816 | D:3      | Reached XP level 5. HP: 40/43 MP: 5/5
  2816 | D:3      | Reached XP level 6. HP: 47/50 MP: 6/6
  3280 | D:4      | Reached skill level 5 in Fighting
  3525 | D:4      | Reached skill level 8 in Polearms
  3525 | D:4      | Reached XP level 7. HP: 56/56 MP: 7/7
  3560 | D:4      | Noticed Robin
  3867 | D:4      | Killed Robin
  4234 | D:4      | Found a staircase to the Ecumenical Temple.
  4252 | Temple   | Entered the Ecumenical Temple
  4290 | Temple   | Became a worshipper of Warmaster Okawaru
  5643 | D:4      | Reached skill level 9 in Polearms
  5756 | D:5      | Entered Level 5 of the Dungeon
  5846 | D:5      | Reached XP level 8. HP: 17/67 MP: 8/8
  6235 | D:5      | Noticed Ijyb
  6252 | D:5      | Killed from afar by Ijyb

Illustrated notes

Levels and vault maps discovered:
D:1:      denvon_arrival_planthouse, layout_loops_ring,
          shapermc_ecumenical_altar_mp_vishouse
D:2:      layout_loops_ring
D:3:      layout_basic, uniq_sigmund
D:4:      layout_cave_pools, temple_statues, uniq_robin
D:5:      layout_rooms, uniq_ijyb
Temple:   nicolae_temple_the_god_donut

Skill      XL: |  1  2  3  4  5  6  7 |
---------------+----------------------+-----
Polearms       | 5 7 8 9 |  9.3
Fighting       | 3 4 5 7 |  7.5
Throwing       | |  2.4
Dodging        | |  4.4

Action                   |  1- 3 |  4- 6 |  7- 9 || total
-------------------------+-------+-------+-------++-------
Melee: Trident           |   117 |   125 |   101 ||   343
       Punch             |     3 |     3 |     1 ||     7
       Halberd           |       |       |    96 ||    96
  Use: Scroll            |       |       |     2 ||     2
Armor: Leather armour    |    13 |       |       ||    13
       Ring mail         |    16 |    40 |    53 ||   109
Dodge: Dodged            |    54 |    64 |   103 ||   221
